 Dungeon Crawl Stone Soup version 0.29.1-4-g47bece8355 (webtiles) character file.

Game seed: 14003273275287475398

4223 raph the Spear-Bearer (level 10, 0/82 HPs)
             Began as a Merfolk Gladiator on Dec 10, 2022.
             Was a Believer of Makhleb.
             Slain by a two-headed ogre
             ... wielding a +0 giant club
              (31 damage)
             ... on level 8 of the Dungeon.
             The game lasted 00:11:30 (8196 turns).

raph the Spear-Bearer (Merfolk Gladiator)           Turns: 8196, Time: 00:11:30

Health: 0/82       AC:  9    Str: 16    XL:     10   Next: 30%
Magic:  12/12      EV: 18    Int:  7    God:    Makhleb [**....]
Gold:   245        SH:  4    Dex: 19    Spells: 9/9 levels left

rFire   . . .      SeeInvis .   h - +2 trident
rCold   . . .      Faith    .   i - +0 buckler
rNeg    + . .      Spirit   .   D - +1 steam dragon scales
rPois   .          Reflect  .   f - +2 helmet
rElec   .          Harm     .   (no cloak)
rCorr   .          Rampage  .   (no gloves)
Will    .....                   (no boots)
Stlth   ++........              j - amulet of the acrobat
HPRegen 0.23/turn               t - ring of positive energy
MPRegen 0.13/turn               (no ring)

@: mighty
A: (nimble swimmer 2), mertail
a: Renounce Religion, Minor Destruction


You were on level 8 of the Dungeon.
You worshipped Makhleb.
Makhleb was pleased with you.
You visited 1 branch of the dungeon, and saw 8 of its levels.
You also visited: Ossuary.

You collected 336 gold pieces.
You spent 91 gold pieces at shops.

Inventory:

Hand Weapons
 a - a +1 trident of protection
 h - a +2 trident (weapon)
Missiles
 d - a throwing net
 e - a javelin
 m - 2 silver boomerangs
 y - 17 poisoned darts (quivered)
Armour
 b - a +0 leather armour
 c - a +0 helmet
 f - a +2 helmet (worn)
 i - a +0 buckler (worn)
 D - +1 steam dragon scales (worn)
Jewellery
 j - an amulet of the acrobat (around neck)
 t - a ring of positive energy (left hand)
Scrolls
 g - 5 scrolls of teleportation
 n - a scroll of fear
 r - a scroll of magic mapping
 A - a scroll of blinking
Potions
 k - 2 potions of attraction
 o - a potion of ambrosia
 p - 2 potions of haste
 q - 5 potions of curing
 s - 2 potions of flight
 u - a potion of heal wounds
 w - 2 potions of magic
 x - 2 potions of berserk rage
 z - a potion of invisibility
 B - a potion of lignification {unknown}
 C - a potion of mutation


   Skills:
 + Level 8.5 Fighting
 * Level 12.2 Polearms
 + Level 3.8 Throwing
 + Level 10.6 Dodging
 + Level 3.3 Invocations


You had 9 spell levels left.
You didn't know any spells.
Your spell library contained the following spells:

 Spells                   Type           Power      Damage    Failure   Level
 Frozen Ramparts          Ice            0%         1d1       88%         3
 Summon Guardian Golem    Hex/Summ       0%         N/A       88%         3
 Animate Dead             Necr           0%         N/A       99%         4
 Ice Form                 Ice/Tmut       0%         N/A       99%         4
 Summon Ice Beast         Ice/Summ       0%         N/A       99%         4
 Haunt                    Necr/Summ      0%         N/A       100%        7
 Orb of Destruction       Conj           0%         9d5       100%        7
 Spellforged Servitor     Conj/Summ      0%         N/A       100%        7
 Infestation              Necr           0%         N/A       100%        8


Dungeon Overview and Level Annotations

Branches:
Dungeon (8/15)             Temple (0/1) D:6         Ossuary (visited)
   Lair: D:8-11

Altars:
Cheibriados
Hepliaklqana
Makhleb
Nemelex Xobeh
Trog
Zin
The Shining One

Shops:
D:3 ?


Innate Abilities, Weirdness & Mutations

((You are very nimble when in or above water. (Stealth+, EV+, Speed+++)))
Your lower body shifts to a powerful aquatic tail in water.


Message History

The orc wizard hits you but does no damage.
The orc shouts!
You hit Maggie.
Maggie is heavily wounded.
You feel sick.
You are no longer poisoned.
Maggie hits you with a +0 glaive of flaming!
Maggie burns you. The orc wizard misses you.
You puncture Maggie!
Maggie is severely wounded.
You barely miss Maggie.
Maggie is severely wounded.
Maggie casts a spell at you. The bolt of fire misses you.
The orc wizard hits you but does no damage.
An orc warrior comes into view. It is wielding a +0 hand axe.
The orc warrior shouts!
You hit Maggie.
Maggie is almost dead.
Maggie hits you with a +0 glaive of flaming!
Maggie burns you.
The orc wizard points at you and mumbles some strange words.
The puff of flame hits you.
You puncture Maggie!
You break out of your daze!
You kill Maggie!
Makhleb accepts your kill.
You hit the two-headed ogre.
The two-headed ogre is lightly wounded.
You block the two-headed ogre's attack. The two-headed ogre misses you.
You block the orc wizard's attack.
You puncture the two-headed ogre!
The two-headed ogre is moderately wounded.
The orc wizard casts a spell.
The orc wizard flickers and vanishes!
Deactivating autopickup; reactivate with Ctrl-A.
You impale the two-headed ogre!!
The two-headed ogre is severely wounded.
The two-headed ogre hits you with a +0 giant club!!
You die...

....... ...............
....... ................
.......
........................
...o....................
..(.....................
..(o..................
#()O{............... ..
#@................ ..#
##................ #.#
##............... #.#
##...............
#.###..#.............
#....###............
#.>..# #...........
##..## ##.........
##....# ##........


You could see a two-headed ogre, an orc warrior and an orc.

Vanquished Creatures
  Maggie (D:8)
  6 yaks
  2 steam dragons (D:7)
  A water moccasin (D:8)
  An ice beast (D:5)
  4 black bears
  An ogre (D:6)
  A sky beast (D:7)
  A centaur (D:6)
  A phantom (D:4)
  A kobold brigand (D:7)
  A bullfrog (D:6)
  A necrophage (D:7)
  3 water moccasin zombies (Ossuary)
  4 scorpions
  8 wights (D:7)
  4 hounds
  2 jellies
  5 orc priests
  3 iron imps (D:5)
  3 iguanas
  6 orc wizards
  2 mummies (Ossuary)
  9 gnolls
  9 adders
  A white imp (D:7)
  An ufetubus (D:4)
  4 adder zombies (Ossuary)
  3 worms
  3 dart slugs
  25 orcs
  14 ball pythons
  4 endoplasms
  2 giant cockroaches
  5 gnoll zombies (Ossuary)
  9 goblins
  6 hobgoblins
  2 quokkas (D:4)
  5 bats
  4 frilled lizards
  5 hobgoblin zombies (Ossuary)
  16 kobolds
  2 kobold zombies (Ossuary)
  2 orc zombies (Ossuary)
  3 rats
196 creatures vanquished.

Notes
Turn   | Place    | Note
-------+----------+-------------------------------------------
     0 | D:1      | raph the Merfolk Gladiator began the quest for the Orb.
     0 | D:1      | Reached XP level 1. HP: 16/16 MP: 1/1
     4 | D:1      | Noticed a minotaur zombie
     9 | D:1      | Noticed a minotaur zombie
    84 | D:1      | Reached XP level 2. HP: 22/22 MP: 2/2
   140 | D:1      | Reached skill level 5 in Polearms
   223 | D:1      | Reached XP level 3. HP: 22/27 MP: 3/3
   869 | D:1      | HP: 1/27 [adder (3)]
   872 | D:1      | Reached skill level 6 in Polearms
  1297 | D:2      | Found a faded altar of an unknown god.
  1501 | D:2      | Reached XP level 4. HP: 34/34 MP: 4/4
  2023 | D:3      | Found Betus's Magic Scroll Shoppe.
  2031 | D:3      | Bought a scroll of fear for 52 gold pieces
  2031 | D:3      | Bought a scroll of teleportation for 39 gold pieces
  2088 | D:3      | Reached XP level 5. HP: 40/40 MP: 5/5
  2926 | D:4      | Reached skill level 5 in Dodging
  3192 | D:4      | Noticed a phantom
  3202 | D:4      | Reached skill level 7 in Polearms
  3202 | D:4      | Reached XP level 6. HP: 40/48 MP: 6/6
  3830 | D:5      | Entered Level 5 of the Dungeon
  4109 | D:4      | Reached XP level 7. HP: 47/55 MP: 7/7
  4318 | D:5      | Found a glowing silver altar of Zin.
  4325 | D:5      | Found a snail-covered altar of Cheibriados.
  4351 | D:5      | Reached skill level 8 in Polearms
  4633 | D:5      | Found a burning altar of Makhleb.
  4651 | D:5      | Reached skill level 5 in Fighting
  4682 | D:5      | Became a worshipper of Makhleb the Destroyer
  4933 | D:5      | Reached XP level 8. HP: 60/63 MP: 8/8
  5263 | D:5      | Reached skill level 9 in Polearms
  5433 | D:6      | Found a sand-covered staircase.
  5439 | Ossuary  | Entered an ossuary
  5474 | Ossuary  | Reached * piety under Makhleb
  5769 | D:6      | Found a staircase to the Ecumenical Temple.
  6001 | D:6      | Reached skill level 10 in Polearms
  6001 | D:6      | Reached XP level 9. HP: 69/72 MP: 9/9
  6540 | D:6      | Found a glowing golden altar of the Shining One.
  6540 | D:6      | Found a bloodstained altar of Trog.
  6540 | D:6      | Found a hazy altar of Hepliaklqana.
  6628 | D:6      | Found a sparkling altar of Nemelex Xobeh.
  6776 | D:7      | Reached ** piety under Makhleb
  7007 | D:7      | Reached skill level 1 in Invocations
  7097 | D:7      | Reached skill level 11 in Polearms
  7368 | D:7      | Reached skill level 10 in Dodging
  7694 | D:7      | Reached XP level 10. HP: 43/80 MP: 11/11
  8017 | D:8      | Reached skill level 12 in Polearms
  8168 | D:8      | Noticed Maggie
  8183 | D:8      | Noticed a two-headed ogre
  8193 | D:8      | Killed Maggie
  8196 | D:8      | Slain by a two-headed ogre

Illustrated notes

Levels and vault maps discovered:
D:1:      shiori_arrival_whats_in_store_for_you, layout_basic, minmay_cut_off
D:2:      layout_rooms, nicolae_ecumenical_pavilion
D:3:      layout_loops_corners, serial_shops, shop_statue
D:4:      layout_basic, grunt_decor_clamped, moated_statue, serial_bayou_pond_e
D:5:      minmay_angry_zag, layout_basic, demons_altar,
          mainiacjoe_overflow_big_doors
D:6:      layout_cave_pods, nemelex_dance_club_becter,
          gammafunk_temple_overflow_claw, minmay_temple_entry_stoned_glass,
          nicolae_ossuary_entry_monument, minmay_misc_feat_tower
D:7:      layout_loops_ring
D:8:      layout_layer_cave, nicolae_gozag_seed_capital, old_standard_altar,
          amcnicky_altar_gilded, uniq_maggie, uniq_maurice

Skill      XL: |  1  2  3  4  5  6  7  8  9 10 |
---------------+-------------------------------+-----
Polearms       | 5 6 7 8 10 11 12 | 12.2
Fighting       | 3 4 5 7 8 |  8.5
Dodging        | 5 6 7 8 10 | 10.6
Invocations    | 2 3 |  3.3
Throwing       | 3 |  3.8

Action                   |  1- 3 |  4- 6 |  7- 9 | 10-12 || total
-------------------------+-------+-------+-------+-------++-------
Melee: Trident           |    94 |   187 |   459 |    50 ||   790
Throw: Dart              |     2 |    12 |    41 |    16 ||    71
       Throwing net      |     1 |     1 |     1 |       ||     3
       Javelin           |       |     1 |       |       ||     1
  Use: Scroll            |     3 |     8 |    10 |       ||    21
       Potion            |     2 |       |     1 |     1 ||     4
 Stab: Sleeping          |     1 |     3 |     4 |       ||     8
       Invisible         |     1 |       |       |       ||     1
Armor: Leather armour    |    21 |    39 |    76 |       ||   136
       Steam dragon scal |       |       |    11 |    11 ||    22
Dodge: Dodged            |    64 |   140 |   250 |    33 ||   487
Block: Buckler           |       |     6 |    54 |     7 ||    67
